 Dungeon Crawl Stone Soup version 0.31.0-4-g52a2dc7128 (webtiles) character file.

Game seed: 16240490750240478234

15717 Conn the Covert (level 12, -13/78 HPs)
             Began as an Octopode Fire Elementalist on Jan 22, 2024.
             Was a Priest of Sif Muna.
             Mangled by a torpor snail (16 damage)
             ... in a Gauntlet.
             The game lasted 00:45:55 (14479 turns).

Conn the Covert (Octopode Fire Elementalist)       Turns: 14479, Time: 00:45:55

Health: -13/78     AC:  1    Str: 14    XL:     12   Next: 29%
Magic:  14/30      EV: 18    Int: 27    God:    Sif Muna [***...]
Gold:   97         SH:  5    Dex: 24    Spells: 1/23 levels left

rFire   + . .        c - +6 short sword of the Pill Bug {flame, ^Drain rC+ Will+ rCorr}
rCold   + . .        (no shield)
rNeg    + . .        (helmet restricted)
rPois   +            r - amulet of reflection
rElec   .            k - +6 ring of strength
rCorr   +            s - +6 ring of dexterity
SInv    +            y - ring of positive energy
Will    +....        B - ring "Ifyomism" {rPois rC+ Int+6 Dex+5}
Stlth   +++++        f - ring of magical power
HPRegen 0.33/turn    n - ring "Mawac" {Fire SInv}
MPRegen 0.22/turn    I - ring of flight
                     (no ring)

%: no teleportation, reflection
@: flying, hasted and slowed, inugami summoned
A: almost no armour, amphibious, 8 rings, camouflage 1, gelatinous body 1,
(nimble swimmer 1), tentacles
a: Renounce Religion, Channel Magic, Forget Spell


You were in a Gauntlet.
You worshipped Sif Muna.
Sif Muna was most pleased with you.
You visited 3 branches of the dungeon, and saw 14 of its levels.
You also visited: Gauntlet.

You collected 614 gold pieces.
You spent 517 gold pieces at shops.

Inventory:

Hand Weapons
 a - a +1 dagger of protection
 b - the +2 shortbow "Duitzi" {freeze, rCorr Dex-2 Stlth+}
   (You found it on level 4 of the Dungeon)

   Dex-2:     It affects your dexterity (-2).
   rCorr:     It protects you from acid and corrosion.
   Stlth+:    It makes you more stealthy.
 c - the +6 short sword of the Pill Bug (weapon) {flame, ^Drain rC+ Will+ rCorr}
   (You took it off a kobold on level 7 of the Dungeon)

   rC+:       It protects you from cold.
   Will+:     It increases your willpower.
   rCorr:     It protects you from acid and corrosion.
   ^Drain:    It drains your maximum health when unequipped.
 E - the +11 Singing Sword {sonic wave}
   (You took it off a gnoll sergeant on level 9 of the Dungeon)
Missiles
 i - 11 datura-tipped darts (quivered)
 A - 5 curare-tipped darts
Armour
 z - a +0 kite shield
Magical Staves
 j - a staff of death
 x - a staff of conjuration
Jewellery
 f - a ring of magical power (on tentacle)
 k - a +6 ring of strength (left tentacle)
 n - the ring "Mawac" (on tentacle) {Fire SInv}
   (You found it on level 7 of the Dungeon)

   [ring of fire]

   Fire:      It enhances your fire magic.
   rF+:       It protects you from fire.
   rC-:       It makes you vulnerable to cold.
   SInv:      It lets you see invisible.
 r - an amulet of reflection (around mantle)
 s - a +6 ring of dexterity (right tentacle)
 w - an amulet of guardian spirit
 y - a ring of positive energy (on tentacle)
 B - the ring "Ifyomism" (on tentacle) {rPois rC+ Int+6 Dex+5}
   (You took it off a wight on level 6 of the Dungeon)

   [ring of intelligence]

   Int+6:     It affects your intelligence (+6).
   Dex+5:     It affects your dexterity (+5).
   rC+:       It protects you from cold.
   rPois:     It protects you from poison
 I - a ring of flight (on tentacle)
Wands
 C - a wand of mindburst (7)
 G - a wand of iceblast (2)
 J - a wand of digging (7)
 K - a wand of paralysis (3)
 L - a wand of light (2)
Scrolls
 d - 3 scrolls of immolation
 g - 2 scrolls of amnesia
 h - a scroll of poison
 p - a scroll of torment
 q - 3 scrolls of revelation
 t - 2 scrolls of brand weapon
 u - a scroll of fear
 v - a scroll of identify
 D - 3 scrolls of noise
 F - a scroll of silence
 H - 3 scrolls of teleportation
 N - a scroll of blinking
Potions
 e - a potion of brilliance
 l - 2 potions of magic
 m - 2 potions of haste
 o - 5 potions of curing
 M - a potion of attraction {unknown}
 P - a potion of mutation {unknown}


   Skills:
 + Level 5.9 Fighting
 + Level 5.7 Short Blades
 - Level 5.0 Ranged Weapons
 + Level 6.8 Dodging
 - Level 8.0 Stealth
 * Level 6.3 Spellcasting
 + Level 6.5 Conjurations
 - Level 5.0 Hexes
 - Level 4.0 Summonings
 * Level 7.2 Fire Magic
 * Level 4.1 Air Magic
 + Level 5.9 Invocations


You had one spell level left.
You knew the following spells:

 Your Spells              Type           Power      Damage    Failure   Level
a - Foxfire               Conj/Fire      100%       2x1d9     1%          1
b - Scorch                Fire           100%       2d9       1%          2
c - Inner Flame           Hex/Fire       58%        N/A       1%          3
d - Flame Wave            Conj/Fire      62%        2d14      3%          4
e - Call Canine Familiar  Summ           30%        N/A       3%          3
f - Swiftness             Air            30%        N/A       3%          3
g - Plasma Beam           Fire/Air       28%        2x1d40    67%         6

Your spell library contained the following spells:

 Spells                   Type           Power      Damage    Failure   Level
 Necrotise                Necr           32%        1d5       6%          1
 Sigil of Binding         Hex            35%        N/A       2%          3
 Ensorcelled Hibernation  Hex/Ice        44%        N/A       3%          2
 Volatile Blastmotes      Fire/Tloc      84%        2d17      4%          3
 Passwall                 Erth           8%         N/A       19%         3
 Vampiric Draining        Necr           8%         2d6       19%         3
 Arcjolt                  Conj/Air       18%        1d28      19%         5
 Dimensional Bullseye     Hex/Tloc       11%        N/A       22%         4
 Martyr's Knell           Necr/Summ      19%        N/A       26%         4
 Vhi's Electric Charge    Tloc/Air       38%        N/A       26%         4
 Curse of Agony           Necr           8%         N/A       87%         5


Dungeon Overview and Level Annotations

Branches:
Dungeon (12/15)            Temple (1/1) D:5            Lair (1/5) D:10
Gauntlet (1/1)
    Orc: D:9-12

Altars:
Ashenzari
Cheibriados
Dithmenos
Elyvilon
Fedhas
Gozag
Hepliaklqana
Kikubaaqudgha
Makhleb
Nemelex Xobeh
Okawaru
Qazlal
Ru
Sif Muna
Trog
Uskayaw
Vehumet
Wu Jian
Xom
Yredelemnul
Zin
The Shining One

Shops:
D:2 =   D:11 ?

Annotations:
D:11 Lodul
Temple 2 transporters Gauntlet 15 transporters


Innate Abilities, Weirdness & Mutations

You cannot wear most types of armour.
You are amphibious.
You can wear up to eight rings at the same time.
Your skin changes colour to match your surroundings (Stealth+).
Your rubbery body absorbs attacks. (AC +1, EV +1)
((You are camouflaged when in or above water. (Stealth+)))
You have tentacles for arms and can constrict up to eight enemies at once.


Message History

Casting: Inner Flame (safe; 1% risk of failure)
Confirm with . or Enter, or press ? or * to list all spells.
Casting: Flame Wave (dangerous; 3% risk of failure)
Press: ? - help, Dir - look around, f - activate You feel a surge of power!
A wave of flame ripples out!
The flame wave engulfs the torpor snail!
The torpor snail is moderately wounded.
The flame wave engulfs the elephant!
The elephant is lightly wounded.
The flame wave engulfs the elephant!
The elephant is lightly wounded. (Press . to intensify the flame waves.)
You hear a trumpeting!
The elephant misses you. The elephant trunk-slaps you.
The elephant tramples you!
You hold your ground!
You block the elephant's attack. The torpor snail bites you!!
* * * LOW HITPOINT WARNING * * *
Your inugami hits the torpor snail but does no damage.
Unknown command.
Unknown command.
Okay, then.
Okay, then.
Unknown command.
Casting: Flame Wave (dangerous; 3% risk of failure)
Confirm with . or Enter, or press ? or * to list all spells.
Okay, then.
Blink to where?
Press: ? - help, Dir - move target
Okay, then.
Okay, then.
Okay, then.
As you read the scroll of fear, it crumbles to dust.
You assume a fearsome visage.
The elephant looks frightened!
The elephant resists with some effort.
The torpor snail resists with some effort.
The elephant closely misses you. The elephant trunk-slaps you.
* * * LOW HITPOINT WARNING * * *
The elephant misses your inugami. The elephant trunk-slaps your inugami.
Flame seeps out of your inugami. The torpor snail bites you!
You die...

#####....§8≈....#######.#######..
..........≈...........#.#........
#########...###########.#........
^.....^.#...#.........#.#..######
.......h#...#...###...#.#..#8#
.#...#^h#...#.Y..#...!#.#..###
....^..y#...#.#..#..#)#.#..#
..^©^..h#©.©#.######.©#©#..###
..^.....#...#.#Y@#..#.###..#8#
.#...#..#...#..wY#w...#....###
........#.∩.#..h###...#....#
^.^.^.^.#...#.........#..###
#########...###########..#8#
.........................###
.........§∩≈...........§≈#
########################## #8#
#8# #8# #8# #8# #8#


You could see 2 elephants, a torpor snail (ally target) and a friendly inugami
(summoned, inner flame, slow).

Vanquished Creatures
  Josephine (D:11)
  Fannar (D:11)
  A boulder beetle (D:6)
  The ghost of HourglassMan the Fighter, a novice HOFi of Okawaru (D:7)
  A two-headed ogre (D:10)
  An ugly thing (D:11)
  A manticore (D:11)
  A moth of wrath (D:7)
  A cyclops (D:12)
  An unseen horror (shapeshifter) (D:11)
  2 trolls
  Sigmund (D:6)
  2 shadows
  6 wraiths
  3 wyverns
  A vampire (D:8)
  14 yaks
  A steam dragon (D:9)
  7 water moccasins
  A nameless horror (D:7)
  2 acid dragons (D:9)
  3 ice beasts
  A black bear (D:3)
  4 orc warriors
  8 centaurs
  3 ogres
  6 kobold brigands
  8 bullfrogs
  A gnoll sergeant (D:9)
  6 scorpions
  5 wights
  18 killer bees
  A howler monkey (D:7)
  A quasit (D:6)
  4 hounds
  7 orc priests
  4 jellies
  A sleepcap (D:7)
  Terence (D:3)
  4 iguanas
  8 orc wizards
  A centaur simulacrum (D:7)
  A bullfrog simulacrum (D:7)
  A killer bee simulacrum (D:7)
  Robin (D:2)
  7 gnolls
  6 adders
  A shadow imp (D:6)
  7 white imps
  2 howler monkey simulacra (D:7)
  7 ufetubi
  2 dart slugs
  3 ribbon worms
  27 orcs
  6 ball pythons
  8 endoplasms
  A giant cockroach (D:4)
  10 hobgoblins
  6 jackals (D:5)
  37 kobolds
  4 quokkas
  4 bats
  3 frilled lizards
  17 goblins
  9 rats
315 creatures vanquished.

Vanquished Creatures (collateral kills)
  A yak (D:9)
  2 gnolls (D:5)
  2 foxfires (D:10)
5 creatures vanquished.

Vanquished Creatures (others)
  A gnoll (D:5)
  605 foxfires
606 creatures vanquished.

Grand Total: 926 creatures vanquished

Notes
Turn   | Place    | Note
-------+----------+-------------------------------------------
     0 | D:1      | Conn the Octopode Fire Elementalist began the quest for the
                  | Orb.
     0 | D:1      | Reached XP level 1. HP: 11/11 MP: 3/3
   285 | D:1      | Reached XP level 2. HP: 17/17 MP: 1/5
   335 | D:1      | Reached skill level 3 in Stealth
   338 | D:1      | Learned a level 2 spell: Scorch
  1199 | D:2      | Noticed Robin
  1310 | D:2      | Reached XP level 3. HP: 21/21 MP: 2/6
  1538 | D:2      | Killed Robin
  1890 | D:2      | Reached XP level 4. HP: 27/27 MP: 7/7
  1894 | D:2      | Learned a level 3 spell: Inner Flame
  2081 | D:2      | Found Giewir's Jewellery Shop.
  2692 | D:3      | Noticed Terence
  2697 | D:3      | Killed Terence
  2698 | D:3      | Reached skill level 4 in Stealth
  2698 | D:3      | Reached XP level 5. HP: 31/31 MP: 3/9
  2848 | D:3      | Found a burning altar of Makhleb.
  2849 | D:3      | Found a shadowy altar of Dithmenos.
  2948 | D:3      | Reached skill level 1 in Hexes
  3022 | D:3      | Found a faded altar of an unknown god.
  3355 | D:3      | Noticed a black bear
  3385 | D:3      | Killed a black bear
  3386 | D:3      | Reached XP level 6. HP: 22/36 MP: 0/10
  3618 | D:3      | Found a stormy altar of Qazlal.
  3975 | D:4      | Learned a level 4 spell: Flame Wave
  4000 | D:4      | Identified the +2 shortbow "Duitzi" {freeze, rCorr Dex-2
                  | Stlth+}
  4028 | D:4      | Found a snail-covered altar of Cheibriados.
  4179 | D:4      | Reached skill level 5 in Stealth
  4179 | D:4      | Reached XP level 7. HP: 37/41 MP: 1/11
  4787 | D:5      | Entered Level 5 of the Dungeon
  4797 | D:5      | Reached skill level 1 in Fighting
  4797 | D:5      | Reached skill level 1 in Short Blades
  4797 | D:5      | Reached skill level 1 in Ranged Weapons
  5224 | D:5      | Reached XP level 8. HP: 36/48 MP: 1/13
  5625 | D:5      | Found a staircase to the Ecumenical Temple.
  5634 | Temple   | Found a transporter.
  5634 | Temple   | Found a transporter.
  5634 | Temple   | Found a transporter.
  5634 | Temple   | Found a transporter.
  5634 | Temple   | Entered the Ecumenical Temple
  5647 | Temple   | Became a worshipper of Sif Muna the Loreminder
  6063 | D:6      | Reached skill level 6 in Stealth
  6144 | D:6      | HP: 1/50 [centaur/arrow (15)]
  6147 | D:6      | Reached skill level 1 in Invocations
  6351 | D:6      | Noticed a boulder beetle
  6367 | D:6      | Killed a boulder beetle
  6368 | D:6      | Reached skill level 5 in Fire Magic
  6368 | D:6      | Reached XP level 9. HP: 46/55 MP: 4/15
  6481 | D:6      | Reached * piety under Sif Muna
  6553 | D:6      | Identified the ring "Ifyomism" {rPois rC+ Int+6 Dex+5}
  6926 | D:6      | Noticed Sigmund
  6932 | D:6      | Killed Sigmund
  7352 | D:7      | Reached skill level 7 in Stealth
  7457 | D:7      | Reached skill level 5 in Dodging
  7664 | D:7      | Reached XP level 10. HP: 49/63 MP: 11/17
  7719 | D:7      | Found a runed translucent gate.
  7720 | D:7      | Found a runed translucent gate.
  7721 | D:7      | Found a runed translucent gate.
  7727 | D:7      | Reached ** piety under Sif Muna
  7798 | D:7      | Identified the +6 short sword of the Pill Bug {flame,
                  | ^Drain rC+ Will+ rCorr}
  7951 | D:7      | Noticed HourglassMan's ghost (novice HOFi)
  8282 | D:7      | Noticed a moth of wrath
  8285 | D:7      | Found a bloodstained altar of Trog.
  8305 | D:7      | Killed a moth of wrath
  8306 | D:7      | Reached skill level 5 in Conjurations
  8480 | D:7      | Learned a level 3 spell: Call Canine Familiar
  8484 | D:7      | Learned a level 3 spell: Swiftness
  8963 | D:2      | Bought a ring of magical power for 220 gold pieces
  9171 | D:7      | Killed HourglassMan's ghost
  9172 | D:7      | Reached skill level 5 in Spellcasting
  9406 | D:7      | Got the ring "Mawac" {Fire SInv}
  9563 | D:8      | Reached skill level 1 in Air Magic
  9756 | D:8      | Reached skill level 8 in Stealth
  9756 | D:8      | Reached skill level 1 in Summonings
 10552 | D:9      | Reached XP level 11. HP: 7/70 MP: 7/18
 10556 | D:9      | HP: 3/70 [poisoned by a killer bee]
 10911 | D:9      | Reached skill level 5 in Hexes
 11057 | D:9      | Reached *** piety under Sif Muna
 11534 | D:9      | Found a blossoming altar of Fedhas.
 11760 | D:9      | Found a broken altar of Ashenzari.
 11823 | D:10     | Entered Level 10 of the Dungeon
 11845 | D:10     | Noticed a two-headed ogre
 11846 | D:10     | Found a staircase to the Lair.
 11875 | D:10     | Killed a two-headed ogre
 11876 | D:10     | Reached skill level 5 in Fighting
 11876 | D:10     | Reached skill level 5 in Short Blades
 11876 | D:10     | Reached skill level 5 in Invocations
 11975 | D:10     | Reached skill level 5 in Ranged Weapons
 12092 | D:10     | You are sucked into a shaft and drop 2 floors!
 12102 | D:12     | Noticed a cyclops
 12113 | D:12     | Killed a cyclops
 12270 | D:12     | Noticed a harpy
 12271 | D:12     | Noticed a purple ugly thing
 12394 | D:11     | Found Esippy's Magic Scroll Emporium.
 12402 | D:11     | Bought a scroll of blinking for 127 gold pieces
 12402 | D:11     | Bought a scroll of teleportation for 51 gold pieces
 12402 | D:11     | Bought a scroll of teleportation for 51 gold pieces
 12402 | D:11     | Bought a scroll of fear for 68 gold pieces
 12408 | D:11     | Noticed Josephine
 12419 | D:11     | Killed Josephine
 12419 | D:11     | Noticed a red ugly thing
 12520 | D:11     | Killed a red ugly thing
 12521 | D:11     | Reached XP level 12. HP: 15/77 MP: 12/21
 12760 | D:11     | Noticed Fannar
 12770 | D:11     | Noticed Lodul
 12771 | D:11     | Killed Fannar
 13050 | D:10     | Found a sacrificial altar of Ru.
 13051 | D:10     | Found a glowing silver altar of Zin.
 13791 | D:10     | Learned a level 6 spell: Plasma Beam
 13945 | Lair:1   | Entered Level 1 of the Lair of Beasts
 13968 | Lair:1   | Found a gate leading to a gauntlet.
 13989 | Gauntlet | Entered a Gauntlet
 13989 | Gauntlet | Found a transporter.
 13989 | Gauntlet | Found a transporter.
 13993 | Gauntlet | Found a transporter.
 14003 | Gauntlet | Found a transporter.
 14004 | Gauntlet | Noticed a balrug
 14013 | Gauntlet | Found a transporter.
 14013 | Gauntlet | Found a transporter.
 14013 | Gauntlet | Noticed a death yak
 14013 | Gauntlet | Noticed a death yak
 14013 | Gauntlet | Noticed a death yak
 14015 | Gauntlet | Noticed a death yak
 14015 | Gauntlet | Noticed a death yak
 14015 | Gauntlet | Noticed a death yak
 14017 | Gauntlet | Noticed a blizzard demon
 14041 | Gauntlet | Found a transporter.
 14044 | Gauntlet | Found a transporter.
 14056 | Gauntlet | Found a transporter.
 14067 | Gauntlet | Found a transporter.
 14074 | Gauntlet | Found a transporter.
 14096 | Gauntlet | Found a transporter.
 14142 | Gauntlet | Found a transporter.
 14149 | Gauntlet | Noticed a hell hog
 14160 | Gauntlet | Found a transporter.
 14260 | Gauntlet | Found a transporter.
 14278 | Gauntlet | Found a transporter.
 14479 | Gauntlet | HP: 3/78 [elephant (1)]
 14479 | Gauntlet | Mangled by a torpor snail

Illustrated notes

Levels and vault maps discovered:
D:1:      erik_arrival_orb_chamber, layout_basic, serial_glass, glass_columns_b,
          glass_columns_b
D:2:      layout_basic, serial_shops, shop, minmay_misc_feat_tower,
          kennysheep_cross_bottleneck, minmay_misc_feat_four_crosses, uniq_robin
D:3:      layout_basic, mainiacjoe_overflow_surrounded_room,
          gammafunk_temple_overflow_statue, nicolae_ecumenical_lake_church,
          uniq_terence
D:4:      layout_cave_pools, mainiacjoe_overflow_small_starburst
D:5:      layout_rooms, minmay_temple_entry_gardened_gates, serial_curves,
          eino_curves_02, eino_curves_01
D:6:      layout_cave_pools, serial_demonic, serial_demonic_d, serial_demonic_c,
          serial_demonic_b, serial_demonic_a, uniq_sigmund
D:7:      layout_loops_ring, tgw_trog, gammafunk_ghost_icy
D:8:      layout_loops_cross, minmay_misc_feat_chi, nzn_life_drinkers
D:9:      minmay_octagon_keep, layout_cave_pools, marbit_many_paths,
          fedhas_altar_3, serial_glass, glass_columns_a, glass_columns_c,
          glass_columns_c, glass_columns_c, glass_columns_b, glass_columns_b,
          minmay_strange_pillars, feat_on_display, kennysheep_generic_room_11
D:10:     layout_small_grid, nicolae_overflow_two_pavilions,
          due_lair_maze_entry_diamond, serial_co_window_serial,
          co_window_paths_b, co_window_of_opportunity_a, co_window_paths_a,
          co_window_paths_b, co_window_paths_b, co_window_unsneaky_path_d,
          co_window_2corner, co_window_cross_2, co_window_unsneaky_path_c,
          co_window_cross_2, co_window_unsneaky_path_c, co_window_paths_c,
          co_window_paths_d, glass_columns_b, glass_columns_b
D:11:     layout_rooms, serial_shops, nicolae_shop_crystal, serial_corexii_hall,
          corexii_hall_statues_s, corexii_hall_statues_s,
          hangedman_decor_growths, uniq_lodul, uniq_josephine, uniq_fannar,
          uniq_erolcha
D:12:     layout_cave_pools, david_orc_3, tso_altar
Temple:   hellmonk_temple_divided_pantheon
Lair:1:   layout_layer_cave, gauntlet_entry_generic, grunt_megastairs_2
Gauntlet: gammafunk_gauntlet_branching [gammafunk_gauntlet_arena_hedges,
          nicolae_gauntlet_arena_t_cross, gammafunk_gauntlet_arena_arrow_garden,
          gammafunk_gauntlet_arena_spirals, nicolae_gauntlet_arena_x,
          nicolae_gauntlet_arena_blocks, nicolae_gauntlet_swirl,
          gammafunk_gauntlet_arena_grid, nicolae_gauntlet_exit_dead_adventurers]

Skill      XL: |  1  2  3  4  5  6  7  8  9 10 11 12 |
---------------+-------------------------------------+-----
Stealth        | 3 4 5 6 7 8 |  8.0
Conjurations   | 2 3 4 5 6 |  6.5
Hexes          | 1 2 3 4 5 |  5.0
Dodging        | 3 4 5 6 |  6.8
Spellcasting   | 3 4 5 6 |  6.3
Fire Magic     | 4 5 6 7 |  7.2
Fighting       | 1 2 3 4 5 |  5.9
Short Blades   | 1 2 3 4 5 |  5.7
Ranged Weapons | 1 2 3 4 5 |  5.0
Invocations    | 2 3 4 5 |  5.9
Air Magic      | 1 3 4 |  4.1
Summonings     | 1 3 4 |  4.0

Action                     |  1- 3 |  4- 6 |  7- 9 | 10-12 || total
---------------------------+-------+-------+-------+-------++-------
  Melee: Unarmed           |     9 |       |       |       ||     9
         Constrict         |     5 |    12 |    14 |     6 ||    37
         Tentacles         |     5 |    10 |    22 |    10 ||    47
         Punch             |     1 |       |       |       ||     1
         Short sword       |     2 |       |       |    36 ||    38
         Dagger            |    15 |    33 |    71 |       ||   119
  Throw: Dart              |       |       |     1 |       ||     1
   Cast: Foxfire           |    41 |    88 |   121 |   105 ||   355
         Scorch            |     8 |    11 |    31 |    98 ||   148
         Inner Flame       |       |     1 |    14 |    28 ||    43
         Flame Wave        |       |       |     3 |    24 ||    27
         Call Canine Famil |       |       |       |     9 ||     9
         Swiftness         |       |       |       |     1 ||     1
 Invoke: Channel Magic     |       |       |     1 |     3 ||     4
  Evoke: Wand              |       |       |     1 |     2 ||     3
    Use: Scroll            |       |       |    12 |    12 ||    24
         Potion            |       |       |     3 |     2 ||     5
   Stab: Sleeping          |     4 |     4 |     4 |     9 ||    21
 Armour: Skin              |    16 |    26 |    79 |    63 ||   184
  Dodge: Dodged            |    25 |    33 |    93 |   101 ||   252
  Block: Other             |       |     8 |    23 |    19 ||    50
         Reflection        |       |     2 |     1 |       ||     3
